 Dungeon Sprint DCSS version 0.26-a0-710-g95a0c6c400 (webtiles) character file.

Game seed: 17914017048803858323

1173 mhtbhm the Spear-Bearer (level 8, -8/123 HPs)
             Began as a Black Draconian Berserker on Oct 30, 2020.
             Was a High Priest of Trog.
             Mangled by an eight-headed hydra (11 damage)
             ... in the Dungeon (Sprint IX: "|||||||||||||||||||||||||||||").
             The game lasted 00:01:23 (722 turns).

mhtbhm the Spear-Bearer (Black Draconian Berserker)  Turns: 722, Time: 00:01:24

Health: -8/123     AC: 17    Str: 23    XL:     8   Next: 18%
Magic:  8/8        EV: 16    Int: 10    God:    Trog [*****.]
Gold:   11         SH:  0    Dex: 10    Spells: 7/7 levels left

rFire    . . .     SeeInvis .   a - +2 halberd (protect)
rCold    . . .     Faith    .   (shield currently unavailable)
rNeg     . . .     Spirit   .   (armour unavailable)
rPois    .         Reflect  .   (helmet restricted)
rElec    +         Harm     .   (no cloak)
rCorr    .         Rampage  .   l - +0 pair of gloves
MR       .....     NoTele   +   k - +0 pair of boots
Stlth    ..........             (no amulet)
HPRegen  0.30/turn              m - +2 ring of protection
MPRegen  0.11/turn              n - +3 ring of intelligence

@: berserking, short of breath, protection aura, very quick
A: breathe lightning, unfitting armour, electricity resistance, cold-blooded, AC
+6
a: Breathe Lightning, Berserk, Trog's Hand, Brothers in Arms, Renounce Religion


You were in the Dungeon.
You worshipped Trog.
Trog was extremely pleased with you.
You visited 1 branch You collected 11 gold pieces.

Inventory:

Hand Weapons
 a - a +2 halberd of protection (weapon)
Armour
 k - a +0 pair of boots (worn)
 l - a +0 pair of gloves (worn)
Jewellery
 m - a +2 ring of protection (left hand)
 n - a +3 ring of intelligence (right hand)
Wands
 j - a wand of acid (8)
Scrolls
 g - 2 scrolls of blinking
 i - 3 scrolls of remove curse
 o - a scroll of identify
 p - 2 scrolls of enchant armour
 q - 4 scrolls of enchant weapon
 r - 2 scrolls of fog
Potions
 b - 7 potions of curing
 c - 7 potions of heal wounds
 d - 2 potions of haste
 e - 4 potions of magic
 f - a potion of berserk rage
 h - a potion of invisibility


   Skills:
 + Level 11.2 Fighting
 + Level 11.5 Polearms
 + Level 9.7 Dodging


You had 7 spell levels left.
You didn't know any spells.
Your spell library was empty.

Dungeon Overview and Level Annotations

Branches:
Dungeon (1/1)

Altars:
Cheibriados
Dithmenos
Elyvilon
Fedhas
Gozag
Hepliaklqana
Kikubaaqudgha
Makhleb
Nemelex Xobeh
Okawaru
Qazlal
Ru
Sif Muna
Trog
Uskayaw
Vehumet
Wu Jian
Xom
Yredelemnul
Zin
The Shining One
Beogh
Jiyva
Lugonu


Innate Abilities, Weirdness & Mutations

You can breathe wild blasts of lightning.
Your glossy black scales are hard. (AC +6)
You cannot fit into any form of body armour.
You are resistant to electric shocks. (rElec)
You are cold-blooded and may be slowed by cold attacks.


Message History

* * * LOW HITPOINT WARNING * * *
The six-headed hydra closely misses you.
You chop one of the six-headed hydra's heads off!
The five-headed hydra grows two more!
You puncture the seven-headed hydra!
Your weapon exudes an aura of protection.
The seven-headed hydra is heavily wounded.
The blink frog hits you!
* * * LOW HITPOINT WARNING * * *
Unknown command.
You lop one of the seven-headed hydra's heads off!
The six-headed hydra grows two more!
You puncture the eight-headed hydra!
The eight-headed hydra is severely wounded.
The blink frog hits you.
* * * LOW HITPOINT WARNING * * *
The eight-headed hydra bites you.
* * * LOW HITPOINT WARNING * * *
The eight-headed hydra closely misses you.
The eight-headed hydra bites you but does no damage. x2
The eight-headed hydra bites you!
You die...

▓.▓.▓)▓
▓.▓.▓.▓
▓.▓.▓.▓
▓.▓.▓.▓
▓.▓.▓'▓
▓.▓.▓_▓
▓.▓.▓_▓
▓F▓.▓_▓
▓@▓.▓_▓
▓D▓.▓_▓
▓r▓.▓_▓
▓l▓.▓_▓
▓l▓.▓_▓
▓D▓.▓_▓
▓F▓.▓_▓
▓.▓.▓_▓
▓.▓_▓


You could see an eight-headed hydra (corroded), a seven-headed hydra, 2 komodo
dragons, a blink frog, a bullfrog and a hell rat (corroded).

Vanquished Creatures
  An ugly thing (D)
  A wyvern (D)
  An orc warrior (D)
  2 ogres (D)
  A phantom (D)
  A centaur (D)
  A bullfrog (D)
  A killer bee (D)
  A hound (D)
  A jelly (D)
  A worker ant (D)
  A shadow imp (D)
  A white imp (D)
  A dart slug (D)
  An orc (D)
  2 bat skeletons (D)
  A goblin (D)
  A hobgoblin (D)
  A jackal (D)
  A kobold (D)
  A quokka zombie (D)
23 creatures vanquished.

Notes
Turn   | Place    | Note
-------+----------+-------------------------------------------
     0 | D        | mhtbhm the Draconian Berserker began the quest for the Orb.
     0 | D        | Reached XP level 1. HP: 19/19 MP: 1/1
    12 | D        | Reached ** piety under Trog
    17 | D        | Reached XP level 2. HP: 24/27 MP: 2/2
    52 | D        | Noticed a centaur
    59 | D        | Reached *** piety under Trog
    59 | D        | Reached skill level 5 in Fighting
    59 | D        | Reached XP level 3. HP: 36/36 MP: 3/3
    60 | D        | Reached skill level 5 in Polearms
    60 | D        | Reached XP level 4. HP: 44/44 MP: 4/4
    63 | D        | Killed a centaur
    63 | D        | Reached skill level 5 in Dodging
    63 | D        | Reached XP level 5. HP: 52/52 MP: 5/5
   102 | D        | Found a roughly hewn altar of Beogh.
   102 | D        | Found a snail-covered altar of Cheibriados.
   102 | D        | Found a shadowy altar of Dithmenos.
   102 | D        | Found a white marble altar of Elyvilon.
   102 | D        | Found a blossoming altar of Fedhas.
   102 | D        | Found an opulent altar of Gozag.
   103 | D        | Found a hazy altar of Hepliaklqana.
   104 | D        | Found a viscous altar of Jiyva.
   105 | D        | Found an ancient bone altar of Kikubaaqudgha.
   106 | D        | Found a corrupted altar of Lugonu.
   107 | D        | Found a burning altar of Makhleb.
   108 | D        | Found a sparkling altar of Nemelex Xobeh.
   109 | D        | Found an iron altar of Okawaru.
   110 | D        | Found a stormy altar of Qazlal.
   111 | D        | Found a sacrificial altar of Ru.
   112 | D        | Found a shimmering blue altar of Sif Muna.
   113 | D        | Found a bloodstained altar of Trog.
   114 | D        | Found a hide-covered altar of Uskayaw.
   115 | D        | Found a radiant altar of Vehumet.
   116 | D        | Found an ornate altar of the Wu Jian Council.
   117 | D        | Found a shimmering altar of Xom.
   118 | D        | Found a basalt altar of Yredelemnul.
   119 | D        | Found a glowing silver altar of Zin.
   120 | D        | Found a glowing golden altar of the Shining One.
   175 | D        | Noticed an ogre
   175 | D        | Noticed a phantom
   179 | D        | Killed an ogre
   179 | D        | Reached **** piety under Trog
   188 | D        | Reached XP level 6. HP: 62/62 MP: 6/6
   197 | D        | Reached ***** piety under Trog
   289 | D        | Noticed an orc warrior
   289 | D        | Noticed a red ugly thing
   289 | D        | Noticed a wyvern
   300 | D        | Killed a red ugly thing
   300 | D        | Reached skill level 10 in Fighting
   300 | D        | Reached skill level 10 in Polearms
   300 | D        | Your scales start taking on a glossy black colour.
   300 | D        | Reached XP level 7. HP: 17/73 MP: 7/7
   300 | D        | Gained mutation: You are resistant to electric shocks.
                  | (rElec) [Black Draconian growth]
   312 | D        | Killed a wyvern
   312 | D        | Reached XP level 8. HP: 22/82 MP: 8/8
   313 | D        | Received a gift from Trog
   716 | D        | Noticed a blink frog
   716 | D        | Noticed a six-headed hydra
   716 | D        | Noticed a komodo dragon
   716 | D        | Noticed a komodo dragon
   719 | D        | Noticed a seven-headed hydra
   722 | D        | HP: 5/123 [blink frog (2)]
   722 | D        | Mangled by an eight-headed hydra

Illustrated notes

Levels and vault maps discovered:
D:        linesprint [early_d, line_temple, items_1, d_10, items_2, lair_1,
          lair_end, items_3, orc_1, orc_end, items_4, d_15, swamp_1, shoals_1,
          snake_1, spider_1, d_20, vaults_1, items_5, swamp_end, shoals_end,
          snake_end, spider_end, vaults_end, d_27, items_6, zot_1, zot_end,
          crypt_end, forest_end, elf_end, slime_end, tomb_end, abyss_end,
          pan_hell_end]

Skill      XL: |  1  2  3  4  5  6  7 |
---------------+----------------------+-----
Dodging        | 3 4 5 7 9 |  9.7
Fighting       | 4 5 7 8 10 11 | 11.2
Polearms       | 4 5 6 8 10 11 | 11.5

Action                   |  1- 3 |  4- 6 |  7- 9 || total
-------------------------+-------+-------+-------++-------
Melee: Spear             |    21 |     7 |       ||    28
       Tailslap          |     5 |     4 |     3 ||    12
       Halberd           |       |    33 |    14 ||    47
Invok: Berserk           |     1 |     2 |     1 ||     4
 Abil: Breathe Lightning |       |       |     1 ||     1
Evoke: Wand              |       |       |     2 ||     2
Armor: Skin              |     1 |     7 |     5 ||    13
Dodge: Dodged            |     8 |    20 |    14 ||    42

Table legend: (Time is in decaauts)
 A = Elapsed time spent in this place.
 B = Non-inter-level travel time spent in this place.
 C = Inter-level travel time spent in this place.
 D = Time resting spent in this place.
 E = Time spent auto-exploring this place.
 F = Levels seen in this place.
 G = Mean time per level.
                   A        B        C        D        E       F      G
               +--------+--------+--------+--------+--------+-----+--------+
         Total |    734 |    734 |      0 |    442 |     85 |   1 |  734.0 |
       Dungeon |    734 |    734 |      0 |    442 |     85 |   1 |  734.0 |
               +--------+--------+--------+--------+--------+-----+--------+

Top non-repeatable levels by time:
       D: 734 daAuts
